 Dungeon Crawl Stone Soup version 0.25-a0-886-gd7461d2276 (webtiles) character file.

Game seed: 2518527951303471984, levelgen mode: classic

72 EnegeticOcto the Ruffian (level 4, -11/35 HPs)
             Began as a Ghoul Arcane Marksman on May 1, 2020.
             Was an Initiate of Ru.
             Mangled by an orc
             ... wielding a +0 short sword of electrocution
              (18 damage)
             ... on level 3 of the Dungeon on May 2, 2020.
             The game lasted 00:03:00 (1797 turns).

EnegeticOcto the Ruffian (Ghoul Arcane Marksman)    Turns: 1797, Time: 00:03:01

Health: -11/35     AC:  3    Str: 14    XL:     4   Next: 25%
Magic:  4/4        EV: 12    Int:  8    God:    Ru [......]
Gold:   166        SH:  0    Dex:  9    Spells: 4/5 levels left

rFire    . . .     SeeInvis .     - Unarmed
rCold    + . .     Gourm    .   (no shield)
rNeg     + + +     Faith    .   f - +0 robe
rPois    ∞         Spirit   .   (no helmet)
rElec    .         Reflect  .   h - +0 cloak
rCorr    .         Harm     .   (no gloves)
MR       .....                  (no boots)
Stlth    +.........             (no amulet)
HPRegen  0.00/turn              (no ring)
MPRegen  0.09/turn              (no ring)

@: rotting
A: rotting body, claws 1, carnivore, cold resistance 1, negative energy
resistance 3, inhibited regeneration, torment resistance, unbreathing
a: Renounce Religion


You were on level 3 of the Dungeon.
You worshipped Ru.
Ru was noncommittal.
You were not hungry.

You visited 1 branch of the dungeon, and saw 3 of its levels.

You collected 166 gold pieces.

Inventory:

Hand Weapons
 a - a +2 hunting sling
Missiles
 d - 19 sling bullets
 j - 83 stones (quivered)
Armour
 f - a +0 robe (worn)
 h - a +0 cloak (worn)
 n - a +0 pair of gloves
Jewellery
 m - an uncursed ring of ice
Scrolls
 b - a scroll of amnesia {unknown}
 c - a scroll of fog {unknown}
 g - a scroll of teleportation {unknown}
 i - a scroll of identify {unknown}
 l - a scroll of remove curse {unknown}
 q - a scroll of magic mapping {unknown}
Potions
 k - 2 potions of might {unknown}
 p - a potion of resistance {unknown}
Comestibles
 e - 3 rations


   Skills:
 - Level 1.1 Fighting
 - Level 1.7 Slings
 - Level 1.7 Dodging
 + Level 4.1 Unarmed Combat
 - Level 1.0 Spellcasting
 - Level 2.4 Hexes


You had 4 spell levels left.
You knew the following spells:

 Your Spells              Type           Power        Failure   Level  Hunger
a - Corona                Hex            #......      16%         1    ##.....

Your spell library contained the following spells:

 Spells                   Type           Power        Failure   Level  Hunger
 Slow                     Hex            #.......     22%         2    ###....
 Inner Flame              Hex/Fire       #.......     58%         3    ####...
 Portal Projectile        Hex/Tloc       #.....       58%         3    ####...
 Cause Fear               Hex            #.........   83%         4    #####..
 Leda's Liquefaction      Hex/Erth       #.........   94%         4    #####..


Dungeon Overview and Level Annotations

Branches:
Dungeon (3/15)

Altars:
Ru


Innate Abilities, Weirdness & Mutations

Your body is rotting away.
You thrive on raw meat.
You are immune to poison.
You have sharp fingernails.
You are carnivorous and can eat meat at any time.
Your flesh is cold resistant. (rC+)
You are immune to negative energy. (rN+++)
You do not regenerate when monsters are visible.
You are immune to unholy pain and torment.
You can survive without breathing.


Message History

Done exploring.
Done exploring.
No target in view!
No target in view!
No target in view!
No target in view!
No target in view!
No target in view!
No target in view!
Done exploring.
Done exploring.
No target in view!
No target in view!
No target in view!
No target in view!
No target in view!
Done exploring.
Done exploring.
As you read the scroll labeled NOAS COOKKOE, it crumbles to dust.
It is a scroll of enchant weapon.
Your +0 hunting sling glows red for a moment.
As you read the scroll of enchant weapon, it crumbles to dust.
Your +1 hunting sling glows red for a moment.
Saving game... please wait.
Welcome back, EnegeticOcto the Ghoul Arcane Marksman.
Ru says: Cut away your false body!
Press ? for a list of commands and other information.
Done exploring.
Done exploring.
Done exploring.
(D) Dungeon
Where to? (? - help)
There is a stone staircase leading down here.
You climb downwards.
A goblin and a hobgoblin come into view.
The goblin shouts!
Found a leather armour and a robe.
Found a stone staircase leading down.
There is a stone staircase leading up here.
A bat comes into view.
The hobgoblin shouts!
The hobgoblin misses you.
You claw the hobgoblin!
You kill the hobgoblin!
The bat hits you but does no damage. The bat barely misses you.
The bat hits you but does no damage. The bat closely misses you. x2
You closely miss the bat. The bat barely misses you.
The bat hits you but does no damage. The goblin closely misses you.
You scratch the goblin.
The goblin is moderately wounded.
The bat barely misses you.
A hobgoblin comes into view.
The goblin hits you with a +0 dagger.
You closely miss the goblin.
The goblin is moderately wounded.
The goblin hits you but does no damage. The bat hits you.
You scratch the goblin.
The goblin is severely wounded.
The bat closely misses you.
An orc comes into view.
It is wielding a +0 short sword of electrocution.
The orc shouts!
You scratch the goblin.
You kill the goblin!
The bat closely misses you. The bat closely misses you.
You closely miss the bat. The bat misses you.
You scratch the bat.
The bat is moderately wounded.
The bat hits you but does no damage.
You barely miss the hobgoblin. The bat hits you.
You scratch the hobgoblin.
The hobgoblin is heavily wounded.
The bat hits you but does no damage. The hobgoblin misses you.
There are monsters nearby!
There are monsters nearby!
You scratch the hobgoblin.
You kill the hobgoblin!
The bat closely misses you.
You scratch the orc.
The orc is moderately wounded.
The orc closely misses you. The bat closely misses you.
You scratch the orc.
The orc is almost dead.
The bat barely misses you.
The orc hits you with a +0 short sword of electrocution.
You are electrocuted!!
Ouch! That really hurt!
* * * LOW HITPOINT WARNING * * *
You are too injured to fight recklessly!
You are too injured to fight recklessly!
Press: ? - help, v - describe, . - travel
Here: an orc, wielding a +0 short sword of electrocution (almost dead)
The floor.
Unknown command.
You scratch the orc but do no damage.
The orc is almost dead.
The orc hits you but does no damage.
You are electrocuted!!
Ouch! That really hurt!
You die...

............
#..........#
.#..........#
............# .
#...........## ...
.............#....
..................
........@.........
.......ob..[...#..
.......<.......#
..................
.................#
..............##.#
#.............# .
.........[....#
######.#......#


You could see an orc and a bat.

Vanquished Creatures
  2 adders (D:2)
  An ooze (D:1)
  3 dart slugs
  A leopard gecko (D:1)
  A giant cockroach (D:1)
  5 goblins
  4 hobgoblins
  4 jackals (D:1)
  7 kobolds
  2 ball pythons (D:2)
  2 bats
  2 frilled lizards
  5 rats
39 creatures vanquished.

Notes
Turn   | Place    | Note
-------+----------+-------------------------------------------
     0 | D:1      | EnegeticOcto the Ghoul Arcane Marksman began the quest for
                  | the Orb.
     0 | D:1      | Reached XP level 1. HP: 16/16 MP: 1/1
    59 | D:1      | Reached skill level 1 in Unarmed Combat
    66 | D:1      | Reached XP level 2. HP: 20/23 MP: 2/2
   214 | D:1      | Reached skill level 2 in Unarmed Combat
   564 | D:1      | Reached XP level 3. HP: 28/28 MP: 3/3
   699 | D:1      | Reached skill level 3 in Unarmed Combat
  1463 | D:2      | Found a sacrificial altar of Ru.
  1468 | D:2      | Became a worshipper of Ru the Awakened
  1548 | D:2      | Reached skill level 4 in Unarmed Combat
  1548 | D:2      | Reached XP level 4. HP: 21/35 MP: 4/4
  1760 | D:2      | Upgraded the game from 0.25-a0-869-g05d4e06a41 to
                  | 0.25-a0-886-gd7461d2276
  1797 | D:3      | Mangled by an orc

Levels and vault maps discovered:
D:1:      lightli_arrival_chessboard, layout_loops_ring
D:2:      layout_loops_ring, marbit_many_paths
D:3:      layout_rooms, lemuel_crystal_altar, minitemple,
          gammafunk_temple_overflow_statue, ebering_ghost_inner_flame,
          minivault_19, minmay_misc_feat_alley, uniq_grinder, uniq_terence

Skill      XL: |  1  2  3 |
---------------+----------+-----
Unarmed Combat | 1 2 4 |  4.1
Fighting       | |  1.1
Slings         | |  1.7
Dodging        | |  1.7
Spellcasting   | |  1.0
Hexes          | |  2.4

Action                   |  1- 3 |  4- 6 || total
-------------------------+-------+-------++-------
Melee: Unarmed           |   132 |    15 ||   147
       Punch             |     1 |     1 ||     2
 Fire: Hunting sling     |     6 |       ||     6
 Cast: Corona            |     1 |       ||     1
  Use: Scroll            |       |     2 ||     2
  Eat: Chunk             |     9 |       ||     9
Armor: Robe              |    28 |     7 ||    35
Dodge: Dodged            |    91 |    16 ||   107

Table legend:
 A = Non-vault XP
 B = Vault XP
 C = Vault XP percentage of total XP
 D = Non-vault monster count
 E = Vault monster count
 F = Vault count percentage of total count
                 A         B        C        D         E       F
            +---------+---------+-------+---------+---------+-------
      Total |     101 |       2 |   1.9 |      38 |       1 |   2.6
            +---------+---------+-------+---------+---------+-------
        D:1 |      40 |       0 |   0.0 |      18 |       0 |   0.0
        D:2 |      55 |       2 |   3.5 |      17 |       1 |   5.6
        D:3 |       6 |       0 |   0.0 |       3 |       0 |   0.0
            +---------+---------+-------+---------+---------+-------
